 Dungeon Crawl Stone Soup version 0.27.1 (webtiles) character file.

Game seed: 16168519702168973051

168966 Gwenloh the Severer (level 18, -14/150 HPs)
             Began as a Formicid Fighter on Aug 24, 2021.
             Was a High Priest of Cheibriados.
             Demolished by an alligator snapping turtle (16 damage)
             ... on level 4 of the Shoals.
             The game lasted 03:26:49 (44263 turns).

Gwenloh the Severer (Formicid Fighter)             Turns: 44263, Time: 03:26:51

Health: -14/150    AC: 19    Str: 35    XL:     18   Next: 59%
Magic:  0/38       EV: 15    Int: 24    God:    Cheibriados [*****.]
Gold:   2760       SH: 22    Dex: 27    Spells: 12/17 levels left

rFire    . . .     SeeInvis +   a - +3 battleaxe (vamp)
rCold    . . .     Faith    .   c - +2 kite shield
rNeg     . . .     Spirit   .   m - +3 chain mail {rPois}
rPois    +         Reflect  +   (helmet unavailable)
rElec    .         Harm     .   I - scarf {repulsion}
rCorr    .         Rampage  .   (no gloves)
Will     +....                  v - +2 pair of boots
Stlth    ..........             s - amulet of reflection
HPRegen  0.35/turn              U - ring of wizardry
MPRegen  0.26/turn              p - ring of magical power

@: mighty, mesmerised, repel missiles, very slow
A: permanent stasis, dig shafts and tunnels, antennae 3, four strong arms,
screaming 1
a: Dig, Shaft Self, Renounce Religion, Bend Time, Temporal Distortion, Slouch,
Step From Time


You were on level 4 of the Shoals.
You worshipped Cheibriados.
Cheibriados was extremely pleased with you.
You visited 5 branches of the dungeon, and saw 28 of its levels.

You collected 2852 gold pieces.
You spent 92 gold pieces at shops.

Inventory:

Hand Weapons
 a - a +3 vampiric battleaxe (weapon)
 b - a +4 shortbow of flaming
 w - a +3 war axe of freezing
 K - a +0 demon trident of venom
Missiles
 f - 7 silver boomerangs
 g - 636 arrows
 h - 8 curare-tipped darts
 k - 2 throwing nets
 x - 130 poisoned darts
 G - 299 bolts
 X - 13 javelins
Armour
 c - a +2 kite shield (worn)
 m - a +3 chain mail of poison resistance (worn)
 v - a +2 pair of boots (worn)
 I - a scarf of repulsion (worn)
 R - the +3 salamander hide armour {Flames rF++ rC--}
   (You found it on level 15 of the Dungeon)

   It surrounds you with a cloud of flames.
   It grants immunity to clouds of flame.
   It enhances your fire magic.
   rF:        It greatly protects you from fire.
   rC:        It makes you very vulnerable to cold.
Jewellery
 o - a ring of protection from fire
 p - a ring of magical power (right hand)
 q - a +4 ring of evasion
 s - an amulet of reflection (around neck)
 u - a ring of poison resistance
 C - an amulet of the acrobat
 E - a +4 ring of evasion
 P - a ring of resist corrosion
 U - a ring of wizardry (left hand)
 Z - a ring of flight
Wands
 F - a wand of flame (28)
 J - a wand of paralysis (18)
 M - a wand of iceblast (5)
 S - a wand of digging (5)
 T - a wand of acid (17)
 Y - a wand of polymorph (16)
Scrolls
 e - 5 scrolls of amnesia
 i - 2 scrolls of identify
 t - a scroll of fog
 y - 6 scrolls of fear
 N - 2 scrolls of magic mapping
Potions
 d - 4 potions of lignification
 l - 4 potions of brilliance
 n - a potion of resistance {unknown}
 r - 8 potions of curing
 z - 6 potions of mutation
 A - 9 potions of attraction
 B - 2 potions of berserk rage {unknown}
 D - 3 potions of cancellation
 O - 3 potions of flight {unknown}
 Q - 7 potions of ambrosia
 V - 3 potions of might
 W - a potion of haste {unknown}
Miscellaneous
 j - a box of beasts


   Skills:
 + Level 15.6 Fighting
 + Level 16.4 Axes
 + Level 12.9 Armour
 + Level 6.3 Dodging
 - Level 10.1 Shields
 + Level 11.0 Translocations
 - Level 14.8 Invocations


You had 12 spell levels left.
You knew the following spells:

 Your Spells              Type           Power      Damage    Failure   Level
a - Manifold Assault      Tloc           52%        N/A       5%          5

Your spell library contained the following spells:

 Spells                   Type           Power      Damage    Failure   Level
 Lesser Beckoning         Tloc           26%        N/A       1%          3
 Foxfire                  Conj/Fire      0%         2x1d4     16%         1
 Pain                     Necr           0%         1d4       16%         1
 Shock                    Conj/Air       0%         1d3       16%         1
 Ensorcelled Hibernation  Hex/Ice        0%         N/A       26%         2
 Slow                     Hex            0%         N/A       26%         2
 Confusing Touch          Hex            0%         N/A       43%         3
 Conjure Flame            Conj/Fire      0%         6-21      43%         3
 Inner Flame              Hex/Fire       0%         N/A       43%         3
 Spider Form              Tmut/Pois      0%         N/A       43%         3
 Airstrike                Air            0%         N/A       82%         4
 Agony                    Necr           0%         N/A       98%         5
 Excruciating Wounds      Necr           0%         N/A       98%         5
 Yara's Violent Unravell  Hex/Tmut       0%         3d3       98%         5
 Shadow Creatures         Summ           N/A        N/A       100%        6
 Blink                    Tloc           Unusable   N/A       N/A         2
 Swiftness                Air            Unusable   N/A       N/A         3

Dungeon Overview and Level Annotations

Branches:
Dungeon (15/15)            Temple (1/1) D:7            Lair (6/6) D:10
 Shoals (4/4) Lair:3        Snake (0/4) Lair:4        Slime (0/5) Lair:6
    Orc (2/2) D:12            Elf (0/3) Orc:2        Vaults (0/5) D:14
 Depths (0/5) D:15

Altars:
Ashenzari
Cheibriados
Dithmenos
Elyvilon
Fedhas
Gozag
Hepliaklqana
Kikubaaqudgha
Makhleb
Nemelex Xobeh
Okawaru
Qazlal
Ru
Sif Muna
Trog
Uskayaw
Vehumet
Wu Jian
Xom
Yredelemnul
Zin
The Shining One
Beogh

Shops:
D:1 !   Orc:2 *[(:   Shoals:4 *

Annotations:
Lair:3 exclusion: oklob plant
Shoals:1 Roxanne


Innate Abilities, Weirdness & Mutations

You cannot be hasted, slowed, berserked, paralysed or teleported.
You can dig through walls and to a lower floor.
You have a pair of large antennae on your head. (SInv)
Your four strong arms can wield two-handed weapons with a shield.
You occasionally shout uncontrollably at your foes.


Message History

The merfolk avatar chants its luring song.
Casting: Manifold Assault (dangerous; 5% risk of failure)
Confirm with . or Enter, or press ? or * to list all spells.
You don't have enough magic to cast this spell.
Unknown command.
You feel very mighty all of a sudden. You block the merfolk impaler's attack.
You block the alligator snapping turtle's attack.
The snapping turtle bites you from afar!!
* * * LOW HITPOINT WARNING * * *
The merfolk avatar chants its luring song.
The merfolk impaler misses you.
Your unstable footing causes you to fumble your attack.
The merfolk impaler hits you but does no damage.
A harpy comes into view.
You block the snapping turtle's attack.
The merfolk avatar chants its luring song.
You feel better.
The harpy screeches!
You block the merfolk impaler's attack.
The alligator snapping turtle closely misses you.
The merfolk impaler hits you but does no damage.
The manticore closely misses you. The manticore misses you.
The manticore completely misses you. The snapping turtle misses you.
The merfolk avatar chants its luring song.
Your unstable footing causes you to fumble your attack.
You block the merfolk impaler's attack.
You block the alligator snapping turtle's attack.
You block the snapping turtle's attack. The manticore misses you.
The manticore claws you!
* * * LOW HITPOINT WARNING * * *
You block the manticore's attack.
You can feel time thicken for a moment.
You kill the harpy!
Cheibriados thoroughly appreciates the change of pace.
You block the merfolk impaler's attack.
The merfolk avatar chants its luring song.
You block the merfolk impaler's attack.
The alligator snapping turtle bites you from afar!
You die...

...≈≈≈≈≈≈.....##≈.. { {
.....≈≈≈...)...#≈.. {
.....≈≈≈≈.)).≈.#..#
#{{{ ....≈≈≈≈≈#.#..(#..
≈##≈
≈≈≈≈≈≈≈≈≈)∩).).#.#.m≈≈≈
≈≈≈≈≈≈≈≈≈#)#...#≈≈≈≈≈#
≈≈≈≈≈≈≈t≈≈≈..÷.)#
≈≈≈≈†≈≈≈≈t≈≈≈≈≈≈≈#
≈≈≈≈≈mm@≈≈≈≈)≈≈≈≈≈#
≈≈≈≈≈≈H≈≈≈≈≈≈≈≈≈≈≈≈≈
≈≈≈≈≈≈≈≈≈≈≈≈≈≈≈≈≈≈≈≈≈≈
≈≈≈≈≈≈≈≈≈≈≈≈≈≈≈≈≈≈≈≈≈≈≈
≈≈≈≈≈≈≈≈≈≈≈≈≈≈≈≈≈≈≈≈≈≈≈
≈≈≈≈≈≈≈≈≈≈≈≈≈≈≈≈≈≈≈≈≈≈≈
≈≈≈≈≈≈≈≈≈≈≈≈≈≈≈≈
≈≈≈≈≈≈≈≈≈≈≈≈≈≈≈


You could see an alligator snapping turtle, a merfolk avatar (mesmerising), a
merfolk impaler, a snapping turtle and a manticore.

Vanquished Creatures
  Saint Roka (Orc:2)
  Frances (Shoals:1)
  Kirke (D:15)
  Aizul (Shoals:1)
  An orc warlord (Orc:2)
  Azrael (D:14)
  4 merfolk impalers
  A merfolk javelineer (Shoals:4)
  Josephine (D:15)
  A salamander tyrant (D:15)
  4 boulder beetles
  13 hydras
  A merfolk avatar (Shoals:1)
  3 centaur warriors (D:15)
  4 merfolk aquamancers
  6 two-headed ogres
  4 catoblepae
  2 satyrs
  3 alligator snapping turtles
  8 death yaks
  A death knight (D:14)
  A vampire mage (D:15)
  An orc high priest (Orc:2)
  Urug (Orc:2)
  A salamander mystic (D:15)
  2 skeletal warriors
  6 sea snakes
  A deep elf archer (D:14)
  21 harpies
  4 orc knights
  A lindwurm (Lair:4)
  A necromancer (D:15)
  A wizard (D:14)
  3 deep elf pyromancers
  3 deep elf zephyrmancers (D:14)
  23 ugly things
  3 orc sorcerers
  A frost giant zombie (D:15)
  5 oklob plants
  8 manticores
  5 cyclopes
  4 salamanders (D:15)
  3 fauns (Shoals:2)
  29 elephants
  A guardian serpent (Lair:4)
  8 merfolk sirens
  3 black mambas
  An eye of devastation (shapeshifter) (D:13)
  8 water nymphs
  5 gargoyles
  4 rime drakes
  An unseen horror (D:12)
  13 cane toads
  12 komodo dragons
  4 kobold demonologists
  5 yaktaurs (D:14)
  2 freezing wraiths
  A guardian mummy (D:15)
  A queen bee (Lair:2)
  8 trolls
  6 hornets
  9 wind drakes
  18 merfolk
  A polar bear (Lair:6)
  3 slime creatures (D:15)
  6 blink frogs
  7 snapping turtles
  5 dream sheep
  A deep troll zombie (D:15)
  15 spriggans
  A fire dragon skeleton (D:15)
  A vampire (D:13)
  9 wyverns
  2 fire elementals (D:14)
  8 water elementals
  Eustachio (D:6)
  63 yaks
  5 wraiths
  An elf zombie (D:15)
  A hog (shapeshifter) (D:13)
  3 hogs (D:15)
  2 vampire mosquitoes (D:13)
  A steam dragon (D:6)
  6 basilisks
  6 wargs
  2 acid dragons
  22 water moccasins
  3 floating eyes (D:9)
  4 hell hounds (D:14)
  40 orc warriors
  3 ice beasts
  4 black bears (Lair:6)
  A sky beast (D:7)
  9 ogres
  3 boggarts (Lair:6)
  A necrophage (D:5)
  42 wolves
  10 centaurs
  7 kobold brigands
  19 bullfrogs
  A wyvern zombie (D:6)
  3 scorpions
  36 killer bees
  A wight (D:9)
  A howler monkey (D:8)
  8 electric eels
  7 centaur zombies
  5 jellies
  17 orc priests
  A bullfrog zombie (D:5)
  A bullfrog skeleton (D:6)
  3 gnoll shamans
  A hound (D:7)
  5 centaur skeletons
  6 iguanas
  36 orc wizards
  2 killer bee zombies
  2 howler monkey zombies (D:9)
  Robin (D:2)
  20 gnolls
  2 howler monkey skeletons (D:6)
  13 adders
  A river rat (Lair:2)
  2 white imps
  An adder skeleton (D:4)
  3 worms
  2 dart slugs (D:1)
  77 orcs
  7 ball pythons
  10 endoplasms
  A giant cockroach (D:4)
  18 goblins
  7 hobgoblins
  4 jackals (D:1)
  23 kobolds
  3 quokkas
  6 bats
  A frilled lizard (D:2)
  6 rats
  6 bushes (D:13)
  A butterfly (Lair:1)
969 creatures vanquished.

Vanquished Creatures (others)
  A hydra (Lair:6)
  2 manticores
  A rime drake (Lair:6)
  3 humans (D:15)
  An orc warrior (D:14)
  A wolf (Lair:6)
  7 bushes
  67 fungi
  242 plants
  10 withered plants (D:15)
335 creatures vanquished.

Grand Total: 1304 creatures vanquished

Notes
Turn   | Place    | Note
-------+----------+-------------------------------------------
     0 | D:1      | Gwenloh the Formicid Fighter began the quest for the Orb.
     0 | D:1      | Reached XP level 1. HP: 18/18 MP: 1/1
   312 | D:1      | Reached XP level 2. HP: 24/24 MP: 2/2
   557 | D:1      | Found Mies's Distillery.
   600 | D:1      | Reached XP level 3. HP: 17/29 MP: 3/3
  1487 | D:2      | Found a faded altar of an unknown god.
  1582 | D:2      | Noticed Robin
  1624 | D:2      | Reached XP level 4. HP: 36/37 MP: 4/4
  1661 | D:2      | Killed Robin
  2557 | D:1      | Bought a potion of curing for 36 gold pieces
  2629 | D:3      | Reached XP level 5. HP: 42/42 MP: 5/5
  2642 | D:3      | Reached skill level 3 in Axes
  2800 | D:3      | Reached XP level 6. HP: 39/49 MP: 6/6
  3303 | D:3      | Reached skill level 5 in Shields
  3763 | D:3      | Found a hide-covered altar of Uskayaw.
  4038 | D:4      | Noticed an ogre
  4044 | D:3      | Killed an ogre
  4272 | D:4      | Reached XP level 7. HP: 44/55 MP: 7/7
  4326 | D:4      | Reached skill level 5 in Fighting
  4354 | D:4      | Reached skill level 5 in Armour
  4387 | D:3      | Reached skill level 4 in Axes
  5128 | D:5      | Entered Level 5 of the Dungeon
  5429 | D:5      | Reached XP level 8. HP: 62/62 MP: 8/8
  5678 | D:5      | Reached skill level 5 in Axes
  6150 | D:6      | Reached XP level 9. HP: 66/69 MP: 7/9
  6317 | D:6      | Reached skill level 6 in Axes
  6403 | D:6      | Noticed Eustachio
  6412 | D:6      | Killed Eustachio
  7316 | D:7      | Reached skill level 7 in Axes
  7823 | D:7      | Found a staircase to the Ecumenical Temple.
  7835 | Temple   | Entered the Ecumenical Temple
  7925 | Temple   | Became a worshipper of Cheibriados the Contemplative
  8334 | D:8      | Reached XP level 10. HP: 60/79 MP: 10/10
  8336 | D:8      | Reached skill level 1 in Invocations
  8880 | D:8      | Reached skill level 8 in Axes
  9728 | D:9      | Noticed a kobold demonologist
  9745 | D:9      | Killed a kobold demonologist
  9759 | D:9      | Reached * piety under Cheibriados
  9815 | D:9      | Reached skill level 9 in Axes
 10224 | D:9      | Reached XP level 11. HP: 29/87 MP: 10/14
 11031 | D:9      | Identified the ring of Gamofuhi {Fly rPois MP+9 Dex-5}
 11078 | D:9      | Reached skill level 5 in Invocations
 11293 | D:10     | Entered Level 10 of the Dungeon
 11295 | D:10     | Reached ** piety under Cheibriados
 11301 | D:9      | Reached skill level 10 in Axes
 11819 | D:10     | You fall into a shaft and drop 2 floors!
 12189 | D:12     | Found a staircase to the Orcish Mines.
 12283 | D:12     | Noticed a cyclops
 12286 | D:12     | Noticed a manticore
 12304 | D:12     | Killed a cyclops
 12558 | D:12     | Noticed a two-headed ogre
 12565 | D:12     | Killed a two-headed ogre
 12718 | D:12     | Killed a manticore
 13073 | D:12     | Reached skill level 11 in Axes
 13269 | D:11     | Reached *** piety under Cheibriados
 13296 | D:11     | Identified the +5 scale mail of Spring Thaw {+Blink Str+5}
 13341 | D:11     | Reached XP level 12. HP: 89/96 MP: 17/17
 13408 | D:11     | Noticed a two-headed ogre
 13420 | D:11     | Killed a two-headed ogre
 13528 | D:11     | Noticed a boulder beetle
 13528 | D:11     | Noticed a two-headed ogre
 13533 | D:11     | Killed a two-headed ogre
 13544 | D:11     | Killed a boulder beetle
 13774 | D:11     | Found a glowing golden altar of the Shining One.
 13835 | D:11     | Reached skill level 10 in Fighting
 13835 | D:11     | Reached skill level 10 in Armour
 13841 | D:11     | Learned a level 5 spell: Manifold Assault
 14145 | D:11     | Reached skill level 1 in Translocations
 14256 | D:11     | Noticed a two-headed ogre
 14284 | D:11     | Killed a two-headed ogre
 14285 | D:11     | Reached skill level 12 in Axes
 15767 | D:10     | Found a staircase to the Lair.
 16114 | Lair:1   | Entered Level 1 of the Lair of Beasts
 16114 | Lair:1   | Noticed a four-headed hydra
 16210 | D:10     | Killed a four-headed hydra
 16659 | Lair:1   | Reached XP level 13. HP: 41/104 MP: 15/19
 17022 | Lair:1   | Identified the +10 dagger of Mana {flame, rElec Stlth+}
 17083 | Lair:1   | Reached **** piety under Cheibriados
 17184 | Lair:1   | Noticed a catoblepas
 17219 | Lair:1   | Killed a catoblepas
 18025 | Lair:1   | Noticed an eight-headed hydra
 18036 | Lair:1   | Killed an eight-headed hydra
 18499 | Lair:2   | Reached skill level 13 in Axes
 19107 | Lair:2   | Reached ***** piety under Cheibriados
 19394 | Lair:2   | Reached skill level 10 in Invocations
 19769 | Lair:2   | Reached skill level 5 in Translocations
 19891 | Lair:2   | Reached XP level 14. HP: 106/114 MP: 21/21
 20545 | Lair:2   | Reached skill level 14 in Axes
 20832 | Lair:3   | Found a staircase to the Shoals.
 21020 | Lair:4   | Found a staircase to the Snake Pit.
 22657 | Lair:4   | Reached skill level 15 in Axes
 23067 | Lair:5   | Reached XP level 15. HP: 122/122 MP: 23/23
 23989 | Lair:6   | Entered Level 6 of the Lair of Beasts
 24112 | Lair:6   | Reached ****** piety under Cheibriados
 25813 | Lair:6   | Reached skill level 16 in Axes
 25991 | Lair:6   | Found a staircase to the Slime Pits.
 27257 | Orc:1    | Entered Level 1 of the Orcish Mines
 27976 | Orc:2    | Entered Level 2 of the Orcish Mines
 28190 | Orc:2    | Reached XP level 16. HP: 131/131 MP: 12/25
 28545 | Orc:2    | Noticed Urug
 28566 | Orc:2    | Killed Urug
 29056 | Orc:2    | Found a staircase to the Elven Halls.
 29346 | Orc:2    | Noticed Saint Roka
 29381 | Orc:2    | Killed Saint Roka
 30101 | Orc:2    | Found Amnoehid's Antique Weapon Boutique.
 30114 | Orc:2    | Found Fiothrol's Antique Armour Boutique.
 30162 | Orc:2    | Found Pureph's General Store.
 30460 | Orc:2    | Found Died's Book Boutique.
 31536 | D:13     | Reached skill level 10 in Shields
 32463 | D:14     | Reached skill level 1 in Dodging
 33072 | D:14     | Identified the +7 plate armour of Bitterness {Fly rPois
                  | rC++ Str-5}
 34334 | D:14     | Noticed Azrael
 34348 | D:14     | Killed Azrael
 34352 | D:14     | Reached XP level 17. HP: 83/140 MP: 21/27
 34802 | D:14     | Found a gate to the Vaults.
 34817 | D:14     | Identified the +0 cloak of the Eight Boll Weevils {Str+4}
 34998 | D:15     | Entered Level 15 of the Dungeon
 35223 | D:15     | Noticed Josephine
 35237 | D:15     | Killed Josephine
 36162 | D:15     | Noticed Kirke
 36194 | D:15     | Killed Kirke
 36515 | D:15     | Found a staircase to the Depths.
 36863 | D:15     | Reached skill level 10 in Translocations
 37850 | D:15     | Found the +3 salamander hide armour {Flames rF++ rC--}
 38159 | Shoals:1 | Entered Level 1 of the Shoals
 38932 | Shoals:2 | Reached skill level 15 in Fighting
 39246 | Shoals:1 | Identified Roxanne's Tome of Clay
 39246 | Shoals:1 | Noticed Roxanne
 40116 | Shoals:1 | Reached skill level 5 in Dodging
 40381 | Shoals:1 | Noticed Aizul
 40613 | Shoals:1 | Killed Aizul
 40842 | Shoals:1 | Noticed Frances
 40858 | Shoals:1 | Gained mutation: You occasionally shout uncontrollably at
                  | your foes. [a neqoxec]
 40859 | Shoals:1 | Killed Frances
 40860 | Shoals:1 | Reached XP level 18. HP: 149/149 MP: 7/29
 43813 | Shoals:4 | Entered Level 4 of the Shoals
 44036 | Shoals:4 | Found Lemihiosh's General Store.
 44152 | Shoals:4 | Bought a scroll of fear for 56 gold pieces
 44253 | Shoals:4 | HP: 2/149 [harpy (9)]
 44259 | Shoals:4 | HP: 2/150 [snapping turtle (18)]
 44263 | Shoals:4 | Demolished by an alligator snapping turtle

Illustrated notes

Levels and vault maps discovered:
D:1:      minmay_arrival_stair_chambers, layout_loops_corners, serial_shops,
          nicolae_shop_window_shopping
D:2:      layout_basic, ebering_ecumenical_altar_box, uniq_robin
D:3:      layout_loops_ring, mainiacjoe_overflow_alcove_4, minmay_snake_closets
D:4:      layout_loops_cross, hangedman_decor_peaks_small, serial_bayou_crossing
D:5:      layout_loops_ring
D:6:      layout_loops_corners, kennysheep_donut, kennysheep_small_circle,
          uniq_eustachio
D:7:      layout_rooms, temple_green
D:8:      layout_layer_cave, minmay_holes
D:9:      layout_loops_corners, onia_ninara_cookie
D:10:     layout_basic, erik_lair_orcish_takeover
D:11:     layout_loops_cross, tso_altar
D:12:     layout_long_grid, david_orc_3
D:13:     layout_basic, minmay_misc_feat_pillars, minmay_hedge_maze
D:14:     layout_gridville, hangedman_vaults_entry_quadrant_bands,
          wad_woods_river_04, hangedman_ranch, uniq_azrael
D:15:     gammafunk_depths_entry_grave, layout_layer_cave, st_stairs_8,
          hellmonk_guarded_unrand_salamander, uniq_kirke, uniq_josephine
Temple:   dpeg_three_leaves_temple
Lair:1:   dpeg_oklob_gauntlet, layout_regular_city, infiniplex_staircase_pool,
          lemuel_fruit_fields
Lair:2:   regret_index_harrowing_hell_hive, layout_cave_shapes
Lair:3:   layout_long_grid, minmay_shoals_entry_hut, minmay_lair_oklob_bushes,
          grunt_forest_large_clearing_hut
Lair:4:   layout_roguey, minmay_snake_entry_spellcaster,
          cheibrodos_lair_reptile_den
Lair:5:   beast_lair_carwin_large_1, layout_regular_city,
          chequers_serial_rivers_room_a
Lair:6:   minmay_lair_end_enchanted_forest, layout_loops_ring,
          nicolae_slime_entry_slimehenge, grunt_megastairs_1
Shoals:1: layout_shoals, uniq_aizul, uniq_roxanne, uniq_frances
Shoals:2: layout_shoals, nicolae_shoals_nymph_descending_staircase
Shoals:3: layout_shoals
Shoals:4: shoals_end_hangedman, layout_shoals, gammafunk_ghost_grave,
          serial_shops, nicolae_shop_crystal
Orc:1:    layout_caves
Orc:2:    grunt_orc_cross, layout_caves, basic_altar, uniq_saint_roka

Skill      XL: |  1  2  3  4  5  6  7  8  9 10 11 12 13 14 15 16 17 18 |
---------------+-------------------------------------------------------+-----
Shields        | 4 5 6 7 9 10 | 10.1
Fighting       | 4 5 6 7 8 9 10 11 12 13 14 15 | 15.6
Armour         | 4 5 6 7 8 9 10 11 12 | 12.9
Axes           | 3 4 5 7 9 11 12 13 15 16 | 16.4
Invocations    | 4 6 8 10 11 12 13 14 | 14.8
Translocations | 2 5 6 8 9 10 11 | 11.0
Dodging        | 2 5 6 |  6.3

Action                   |  1- 3 |  4- 6 |  7- 9 | 10-12 | 13-15 | 16-18 || total
-------------------------+-------+-------+-------+-------+-------+-------++-------
Melee: War axe           |    81 |   129 |   218 |   402 |   937 |   888 ||  2655
       Demon trident     |       |       |       |     5 |    41 |    40 ||    86
       Shortbow          |       |       |       |       |     1 |       ||     1
       Battleaxe         |       |       |       |       |       |   343 ||   343
       Unarmed           |       |       |       |       |       |    26 ||    26
 Fire: Shortbow          |       |       |    30 |   160 |   216 |   157 ||   563
Throw: Stone             |    14 |    25 |    28 |     1 |       |       ||    68
       Boomerang         |       |     2 |     9 |       |     1 |       ||    12
       Dart              |       |       |    10 |       |       |       ||    10
 Cast: Manifold Assault  |       |       |       |       |    26 |   233 ||   259
Invok: Bend Time         |       |       |       |    24 |    31 |    12 ||    67
       Slouch            |       |       |       |       |     5 |    12 ||    17
       Step From Time    |       |       |       |       |       |     1 ||     1
 Abil: Dig               |    14 |    15 |       |     4 |    63 |    63 ||   159
       Shaft Self        |       |       |       |     1 |       |       ||     1
Evoke: Wand              |       |       |       |     3 |    13 |     3 ||    19
  Use: Potion            |       |     1 |       |     5 |       |     5 ||    11
       Scroll            |       |       |     9 |     9 |     8 |     7 ||    33
 Stab: Distracted        |       |       |       |     1 |       |       ||     1
Armor: Scale mail        |    36 |     6 |       |       |       |       ||    42
       Chain mail        |       |    24 |    65 |   115 |   231 |   159 ||   594
Dodge: Dodged            |    19 |    28 |    47 |   111 |   250 |   266 ||   721
       Repelled          |       |       |       |       |       |     3 ||     3
Block: Kite shield       |    51 |    77 |   165 |   374 |   899 |   822 ||  2388
       Reflection        |       |     1 |       |    19 |     6 |    82 ||   108
       Other             |       |       |       |       |       |     3 ||     3
